[Event "ChessKid Cup Div-II 2023"]
[Site "Online"]
[Date "2023.05.23"]
[Round "2.1"]
[White "Anton Guijarro, David"]
[Black "Fedoseev, Vladimir"]
[Result "1-0"]
[ECO "C42"]
[WhiteElo "2690"]
[BlackElo "2680"]
[Annotator "TA"]
[PlyCount "91"]
[EventDate "2023.05.21"]
[EventType "k.o."]
[EventCountry "NET"]
[SourceTitle "playchess.com"]
[Source "ChessBase"]
[SourceQuality "1"]
[TimeControl "900+3"]

1. e4 e5 2. Nf3 Nf6 3. Nxe5 d6 4. Nf3 Nxe4 5. d4 d5 6. Bd3 Bd6 7. O-O O-O 8. c4 c6 9. Nc3 Nxc3 10. bxc3 h6 ({Black should play} 10... dxc4 $11 11. Bxc4 Bf5) 11. c5 $5 {[%emt 0:01:53][%mdl 4] A promising side line. C42: Petroff Defence: 3 Nxe5 and unusual White 3rd moves.} Bc7 12. Re1 {[%emt 0:00:16] [#] White is more active.} Re8 $146 ({Predecessor:} 12... Nd7 13. Rb1 Re8 14. Bd2 Rxe1+ 15. Qxe1 Nf6 16. Ne5 Rb8 17. Bf4 Be6 18. h3 Qe8 {½-½ Navara,D (2697)-Jobava,B (2603) MrDodgy Online Inv 2nd blitz 2021 (2.1)}) 13. Rxe8+ {[%emt 0:01:03] White is slightly better.} Qxe8 14. Be3 Bg4 15. h3 Bh5 16. g4 (16. Qb3 $5 b6 17. g4 $14) 16... Bg6 17. Nh4 {[%emt 0:00:01][%cal Bf3h4,Bh4f5,Bf5h6][%mdl 32] Nxg6 would be deadly.} Bxd3 18. Qxd3 Nd7 19. Nf5 Nf6 (19... Nf8 $11) 20. f3 {[%emt 0:00:02] Threatening Qd2.} (20. Rb1 $5 ) 20... g6 (20... Nh7 $11 {might be stronger.}) 21. Nxh6+ Kg7 22. Re1 ({White should try} 22. Qd2 $16) 22... Qd7 (22... Bg3 $5 23. Re2 Qd7 $11) 23. Bg5 (23. Qd2 $5 ) 23... Re8 24. Rxe8 Qxe8 25. Qd2 {[%emt 0:00:10] Prevents Qe1+.} Nh7 {[%emt 0:00:19][%cal Bf6h7,Bh7f8,Bf8e6][%mdl 32] [#] aiming for ...Nxg5.} 26. Be3 Qe7 {[%emt 0:00:07] And now ...Qh4 would win.} (26... Bd8 $5 ) 27. g5 $1 Qe6 (27... f6 $11) 28. Kg2 $16 Nf8 29. Qd3 (29. h4 $16) 29... Qe7 $14 30. h4 Ne6 {[%emt 0:00:05] Wards off f4} 31. Qd2 f5 32. f4 Nf8 33. Qd3 {[%emt 0:00:04][%cal Od3f5] Qxf5! is the strong threat.} b5 $2 (33... Qe6 $11) 34. cxb6 axb6 35. a4 $2 (35. Qxf5 $1 $18 {Black must now prevent Qd3.} gxf5 36. Nxf5+ Kf7 37. Nxe7 Kxe7 38. f5) 35... Ne6 $11 36. Kf3 {[%emt 0:00:15][%cal Od3f5] Threatens to win with Qxf5!} Qd6 $2 {[%emt 0:00:07][%mdl 8192] [#]} (36... Kh7 $11 {and Black has nothing to worry.}) 37. Qxf5 $1 $18 {[%emt 0:00:32] Threatening mate with Qf7+.} ({Not} 37. Nxf5+ gxf5 38. Qxf5 Qe7 $16) 37... gxf5 (37... Qe7 $142 38. Qb1 Qd6) 38. Nxf5+ Kf7 39. Nxd6+ Bxd6 40. f5 Nc7 41. Bf4 Ne8 42. h5 c5 43. h6 Bxf4 44. Kxf4 Nd6 45. g6+ Kg8 46. f6 {[%emt 0:00:05] Weighted Error Value: White=0.30/Black=0.68} 1-0

[Event "ChessKid Cup Div-II 2023"]
[Site "Online"]
[Date "2023.05.23"]
[Round "2.1"]
[White "Nguyen, Ngoc Truong Son"]
[Black "Le, Quang Liem"]
[Result "1-0"]
[ECO "D02"]
[WhiteElo "2645"]
[BlackElo "2728"]
[Annotator "TA"]
[PlyCount "83"]
[EventDate "2023.05.21"]
[EventType "k.o."]
[EventCountry "NET"]
[SourceTitle "playchess.com"]
[Source "ChessBase"]
[SourceQuality "1"]
[TimeControl "900+3"]

1. d4 d5 2. Nf3 Nf6 3. Bf4 c5 4. e3 e6 5. c3 Qb6 6. Qc2 {[%emt 0:00:21] D02: 1 d4 d5 2 Nf3 sidelines, including 2...Nf6 3 g3 and 2...Nf6 3 Bf4.} Bd6 7. Bg3 Nbd7 8. Nbd2 {[%emt 0:00:11] The position is equal.} O-O 9. Bd3 h6 10. O-O {[%emt 0:00:40] [#]} Qc7 $146 ({Predecessor:} 10... Bxg3 11. hxg3 Re8 12. e4 dxe4 13. Nxe4 Nxe4 14. Bxe4 Nf6 15. dxc5 Qxc5 {½-½ Winter,I-Wagner Michel,A DDR Women-ch20 1971 (3)}) 11. e4 {[%emt 0:00:59] Black must now prevent e5.} Bxg3 12. hxg3 cxd4 13. Nxd4 Nc5 14. Rfe1 dxe4 15. Nxe4 Ncxe4 16. Bxe4 Bd7 17. Bf3 e5 18. Nf5 Rfe8 19. Ne3 Be6 20. Rad1 Rad8 21. Rxd8 Rxd8 22. Rd1 Rxd1+ ({Don't take} 22... Bxa2 23. Rxd8+ Qxd8 24. b3 $16) 23. Qxd1 b6 24. a3 Kf8 25. Qa4 g6 26. c4 a5 27. b4 axb4 28. Qxb4+ Kg7 29. a4 e4 30. Be2 Nd7 31. Nd5 Bxd5 32. cxd5 $11 {[%emt 0:00:02][%mdl 4096] Endgame KQB-KQN} Qe5 33. Qb5 Nf6 34. Qxb6 Qa1+ 35. Kh2 {[%emt 0:00:14] Qb4 would be deadly.} Qxa4 36. d6 Qa2 $2 {[%emt 0:00:10] [#] Repels Qb2. Black cannot hold the game after this.} (36... Qa1 $11 {and Black stays safe.}) 37. Qd4 $1 $18 {[%emt 0:00:17] aiming for d7.} Qa8 (37... Qxe2 $2 38. d7 $18) (37... Qe6 38. Bb5) 38. d7 Qd8 39. Bb5 Kg8 40. Kg1 Nh7 $2 (40... Kg7 41. Qc3 Qb6) 41. Qxe4 (41. Qc3 $142 Nf8 42. Qc8) 41... Nf6 42. Qe8+ {[%emt 0:00:04] Weighted Error Value: White=0.04 (flawless) /Black=0.16 (very precise)} 1-0

[Event "ChessKid Cup Div-II 2023"]
[Site "Online"]
[Date "2023.05.23"]
[Round "2.2"]
[White "Le, Quang Liem"]
[Black "Nguyen, Ngoc Truong Son"]
[Result "0-1"]
[ECO "D37"]
[WhiteElo "2728"]
[BlackElo "2645"]
[Annotator "TA"]
[PlyCount "150"]
[EventDate "2023.05.21"]
[EventType "k.o."]
[EventCountry "NET"]
[SourceTitle "playchess.com"]
[Source "ChessBase"]
[SourceQuality "1"]
[TimeControl "900+3"]

1. d4 Nf6 2. Nf3 d5 3. c4 e6 4. Nc3 a6 5. c5 b6 6. cxb6 {[%emt 0:00:01] D37: Queen's Gambit Declined: 5 Bf4.} cxb6 7. Bf4 Bd6 8. e3 {[%emt 0:00:01] The position is equal. 8.e3 is better than 8.Bxd6.} Bb7 9. Bd3 Nc6 10. O-O Bxf4 11. exf4 O-O 12. Re1 Qd6 13. g3 {[%emt 0:00:19] [#]} g6 $146 ({Predecessor:} 13... Rac8 14. Rc1 Na5 15. Qe2 b5 16. Red1 Nc4 17. Ne5 Rc7 18. b3 Na3 19. Nb1 Rfc8 {1-0 Zatonskih,A (2422)-Foisor,S (2205) USA-ch (Women) 2021 (9)}) 14. Rc1 Rac8 15. Bb1 Rc7 16. Na4 Na5 17. Qe2 Rfc8 18. Rxc7 Rxc7 19. Qe5 Qxe5 (19... Qd8 $5 ) 20. Nxe5 Nc4 21. Rc1 {[%emt 0:01:53] And now b3 would win.} (21. b3 $5 Nxe5 22. fxe5 $11) 21... b5 22. b3 {[%emt 0:00:01] Hoping for Nb6.} bxa4 23. bxc4 dxc4 24. Rxc4 Rxc4 25. Nxc4 $11 {[%emt 0:00:00][%mdl 4096] Endgame KBN-KBN} Be4 26. Nd2 Bxb1 27. Nxb1 {[%emt 0:00:00] KN-KN} Nd5 28. Kf1 Kf8 29. a3 Ke7 30. Ke2 Kd6 31. Kd3 Kc6 32. Nc3 Nb6 33. Ne4 h6 {[%emt 0:00:06] Prevents Ng5} 34. h4 a5 35. Nd2 Kb5 36. Nb1 Kc6 37. Nc3 Kd6 38. Nd1 Kc6 39. Ne3 Kb5 (39... h5 $1 $11 {keeps the balance.}) 40. g4 (40. Ng4 $1 $16 ) 40... h5 (40... f5 $1 $11 {was preferrable.}) 41. g5 $1 $14 Kc6 (41... Nd5 $1 $14) 42. Nc4 $1 $16 Nd5 43. Ke4 {[%emt 0:00:10] Strongly threatening Ne5+.} Kd7 44. Nxa5 Nc3+ (44... Nb6 $11 {remains equal.}) 45. Kd3 (45. Ke5 $16) 45... Nb5 (45... Nd5 $5 ) 46. Nc4 {[%emt 0:00:01] aiming for Ke4.} Ke7 47. Ke4 Nc3+ (47... f6 $1 $11) 48. Ke5 Nd5 {[%emt 0:00:01] Against Nb6} (48... Kf8 $16 49. f5 gxf5) 49. Nd6 $2 (49. Ne3 $1 $18 f6+ 50. gxf6+ Nxf6 51. d5 Nd7+ 52. Kd4) 49... Nb6 $11 {[%emt 0:00:04] White must now prevent ...Nd7+.} 50. Nb5 Nc4+ 51. Ke4 Kd7 (51... Nb6 $11) 52. Kd3 (52. d5 $1 $16) 52... Nb6 (52... Nb2+ $1 $11 53. Ke4 Nd1) 53. Nc3 $14 Kc6 ({Black should try} 53... Kd6 $14) 54. Ke4 (54. Nd1 $1 $16) 54... Kd6 $11 55. Kd3 (55. Ke3 $11) 55... Kc6 $1 $16 56. Ne2 ({White should play} 56. Nd1 $1 $16) 56... Kd5 $11 57. f5 exf5 58. Nf4+ Kc6 $1 59. Kc3 (59. Ne2 $11) 59... Kb5 $1 $15 60. f3 $2 ({Better is} 60. d5 $15 Kc5 61. d6) 60... Nc4 $19 61. Nd3 Nxa3 62. Ne5 {[%emt 0:00:01] [#] Inhibits Nc4.} Nb1+ (62... Ka5 $1 $17 {Threatens to win with ...Nb5+.} 63. d5 Nb5+ 64. Kc4 Kb6 65. Nxf7 a3) 63. Kc2 $11 Na3+ 64. Kd3 $2 {[%emt 0:00:01][%mdl 8192] [#]} (64. Kc3 $11) 64... Kb4 $2 (64... Kb6 $1 $19 65. Nd7+ Ka5) 65. Nxf7 $2 (65. Nc6+ $11 Kb5 66. Ne5) 65... Nb5 66. Ne5 a3 67. Kc2 Nxd4+ 68. Kd3 a2 69. Kxd4 a1=Q+ (69... a1=B+ $2 70. Kd5 Bc3 71. Nxg6 $18) 70. Kd5 Qh1 71. Nxg6 Qxf3+ {[%emt 0:00:01] Black mates.} 72. Ke5 Qe4+ 73. Kf6 f4 74. Ne5 f3 75. g6 f2 {[%emt 0:00:01] Never resign too early!   Weighted Error Value: White=0.24 (precise) /Black=0.23 (precise)} 0-1

[Event "ChessKid Cup Div-II 2023"]
[Site "Online"]
[Date "2023.05.23"]
[Round "2.2"]
[White "Alekseenko, Kirill"]
[Black "Sadhwani, Raunak"]
[Result "0-1"]
[ECO "B48"]
[WhiteElo "2686"]
[BlackElo "2627"]
[Annotator "TA"]
[PlyCount "58"]
[EventDate "2023.05.21"]
[EventType "k.o."]
[EventCountry "NET"]
[SourceTitle "playchess.com"]
[Source "ChessBase"]
[SourceQuality "1"]
[TimeControl "900+3"]

1. e4 c5 2. Nf3 e6 3. d4 cxd4 4. Nxd4 Nc6 5. Nc3 a6 6. a3 Qc7 7. Be3 b5 8. Nxc6 Qxc6 {[%emt 0:00:01] B48: Sicilian: Taimanov: 5 Nc3 Qc7 6 Be3 a6 without Be2.} 9. Qd4 Bb7 10. Be2 Rc8 {[%emt 0:00:11][%cal Ba8c8,Bc8c5,Bc5e5][%mdl 32] The position is equal.} 11. O-O Nf6 12. f3 Bc5 13. Qxc5 Qxc5 14. Bxc5 Rxc5 {[%emt 0:00:00] [#]} 15. Rad1 $146 ({Predecessor:} 15. Rfd1 d5 16. exd5 Nxd5 17. Nxd5 Bxd5 18. c3 Ke7 19. a4 Bb3 20. Rd4 Bxa4 21. b3 Bxb3 22. Rxa6 {0-1 Zenuni,H (1971)-Kelmendi,A (2093) Pristina op 2019 (4)}) 15... Ke7 16. Kf2 g5 (16... Rhc8 {simplifies} 17. Rh1 d5 18. exd5 Bxd5 19. Bd3 g5) 17. Ke3 Rhc8 18. Rd2 Re5 (18... d5 {simplifies} 19. exd5 Bxd5 20. Re1 h5) 19. Kd4 d6 20. Bd3 Rec5 21. Ne2 (21. Ke3 $11) 21... g4 $17 {[%emt 0:00:26] Black is more active.} 22. f4 $2 {[%emt 0:00:26] [#] White does not recover from this.} (22. Ke3 $15) 22... Bxe4 $1 {[%emt 0:00:12][%mdl 576] Deflection} 23. Nc3 (23. Bxe4 Rc4+) 23... Bxd3 24. cxd3 a5 25. g3 b4 26. axb4 axb4 27. Ne4 Rc2 28. Rff2 b3 29. Nc3 $2 {[%emt 0:00:06] [#]} (29. Nxf6 Kxf6 30. Rg2) 29... R8xc3 $1 {[%emt 0:00:02][%mdl 576] Promotion.   Weighted Error Value: White=0.55/Black=0.08 (flawless)} 0-1

[Event "ChessKid Cup Div-II 2023"]
[Site "Online"]
[Date "2023.05.23"]
[Round "2.2"]
[White "Fedoseev, Vladimir"]
[Black "Anton Guijarro, David"]
[Result "1-0"]
[ECO "D35"]
[WhiteElo "2680"]
[BlackElo "2690"]
[Annotator "TA"]
[PlyCount "139"]
[EventDate "2023.05.21"]
[EventType "k.o."]
[EventCountry "NET"]
[SourceTitle "playchess.com"]
[Source "ChessBase"]
[SourceQuality "1"]
[TimeControl "900+3"]

1. d4 d5 2. c4 e6 3. Nc3 Nf6 4. cxd5 exd5 5. Bg5 c6 6. e3 h6 7. Bh4 Bf5 8. Qf3 {[%emt 0:00:01] D35: Queen's Gambit Declined: Exchange Variation.} Bh7 {[%emt 0:00:02] 8...Bh7 is the modern continuation.} 9. Bxf6 Qxf6 10. Qxf6 {[%emt 0:00:01] White is slightly better.} gxf6 11. Nf3 Nd7 12. O-O-O {[%emt 0:00:12][%cal Ba1d1,Bd1d3,Bd3b3][%mdl 32] [#]} Nb6 $146 ({Predecessor:} 12... Bb4 13. Ne2 Bd6 14. Nh4 f5 15. Nf4 Nf6 16. f3 Rg8 17. Bd3 Kd7 18. g3 Rg5 19. Nfg2 {½-½ Rodrigues,A (2085)-Willmann,B (2242) RA-2015-0-00392}) 13. Nh4 Kd7 14. Bd3 Bxd3 15. Rxd3 Bb4 16. Ne2 h5 17. Rb3 Bd6 18. Nf5 Bf8 (18... h4 $11) 19. Nf4 {[%emt 0:00:42] A dynamic duo of knights.} Kc7 20. h4 {[%emt 0:00:09] White has more active pieces. The black rooks are badly placed.} Bd6 21. Nxd6 Kxd6 22. Rh3 Rag8 23. Rf3 Kc7 24. Rc3 Kb8 25. g3 Rh6 26. Nd3 Nc8 27. Nc5 {[%emt 0:00:54][%cal Of3f6] Rxf6! would be deadly.} Rd8 28. Rf4 Nd6 29. a4 Kc7 30. b4 b6 31. Nd3 Kd7 32. Kd1 Ra8 33. a5 Kc7 34. Ra3 Kb7 35. Ke2 Re8 36. Ra2 Nb5 {[%emt 0:00:08] [#] Hoping for ...Nc3+.} 37. Kf1 Nd6 38. Kg2 Rg6 39. Rf3 Rh6 40. Nf4 Nb5 41. Rc2 Rd8 42. Ne2 Rc8 43. Ra2 Rd8 44. Rf4 Rc8 45. e4 dxe4 46. Rxe4 Nd6 $2 (46... Rc7 $16) 47. Re7+ $18 Rc7 48. Rxc7+ ({Only move:} 48. axb6 $1 $18 Rxe7 49. Rxa7+ (49. bxa7 $2 Ka8 $19) 49... Kxb6 50. Rxe7) 48... Kxc7 {[%emt 0:00:02][%mdl 4096] Endgame KRN-KRN} 49. Nf4 Nb5 (49... Nf5 $16 {was called for.}) 50. d5 cxd5 51. Nxd5+ Kc6 (51... Kb7 {was necessary.} 52. Ne7 Nd6) 52. axb6 axb6 {[%emt 0:00:02] [#]} 53. Nf4 (53. Rd2 $1 $18 {has better winning chances.}) 53... Nd4 $16 54. Ra7 Ne6 ({Black should try} 54... Nc2 $14) 55. Kf3 (55. Rxf7 Nxf4+ 56. gxf4 Kb5 $14) 55... Nc7 56. Ke4 Nb5 57. Ra1 (57. Rxf7 $2 {is the wrong capture.} Nd6+ 58. Kd4 Nxf7 $19) 57... Nd6+ 58. Kd4 Nf5+ 59. Kd3 Rh8 60. Ra7 Nd6 61. Re7 Rh7 (61... Kb5 $142) 62. Kc3 Nf5 63. Re2 ({Much less strong is} 63. Ra7 Nd6 64. Re7 Nb5+ 65. Kd3 Kd6 $16) 63... Nd6 64. Kb3 f5 65. Rc2+ Kb7 66. Nd5 Nb5 (66... Ne8 $142 67. Re2 Nd6 68. Re7+ Kc6) 67. Ka4 $18 Ka6 $2 (67... Nd6 {keeps fighting.} 68. Rc7+ Kb8) 68. Rc6 {[%emt 0:00:04] White is clearly winning.} Nd4 69. Rxb6+ Ka7 70. Rf6 {[%emt 0:00:00] Weighted Error Value: White=0.12 (very precise) /Black=0.14 (very precise)} 1-0

[Event "ChessKid Cup Div-II 2023"]
[Site "Online"]
[Date "2023.05.23"]
[Round "2.2"]
[White "Oparin, Grigoriy"]
[Black "Eljanov, Pavel"]
[Result "1/2-1/2"]
[ECO "E18"]
[WhiteElo "2667"]
[BlackElo "2705"]
[Annotator "TA"]
[PlyCount "153"]
[EventDate "2023.05.21"]
[EventType "k.o."]
[EventCountry "NET"]
[SourceTitle "playchess.com"]
[Source "ChessBase"]
[SourceQuality "1"]
[TimeControl "900+3"]

1. d4 Nf6 2. c4 e6 3. Nf3 b6 4. g3 Bb7 5. Bg2 Be7 6. O-O O-O 7. Nc3 Ne4 8. Bd2 {[%emt 0:00:01] now supersedes 8.Qc2.} f5 9. Ne5 {[%emt 0:00:09] E18: Queen's Indian: Old Main Line (4 g3 Bb7 5 Bg2 Be7 6 0-0 0-0 7 Nc3).} Bf6 10. Qc2 Nxc3 11. Bxc3 {[%emt 0:00:03] White has an edge.} (11. Bxb7 Nxe2+ 12. Kg2 Nxd4 $17) (11. bxc3 Bxg2 12. Kxg2 Bxe5 13. dxe5 Nc6 $17) 11... Bxg2 12. Kxg2 d6 13. Nf3 {[%emt 0:00:03] [#]} d5 $146 ({Predecessor:} 13... Qd7 14. e4 fxe4 15. Qxe4 d5 16. cxd5 exd5 17. Qd3 Nc6 18. Rad1 Rae8 19. Rfe1 Nd8 {0-1 Molenda,M (2349)-Eljanov,P (2672) Titled Tuesday intern op 09th Mar blitz 2021 (4)}) 14. Qa4 c6 15. Rac1 a5 16. Bd2 g5 17. cxd5 (17. h3 $14) 17... Qxd5 18. Qc4 g4 {[%emt 0:00:25][%mdl 64] Pin} 19. Qxd5 {[%emt 0:00:01][%mdl 64] Remove Defender} exd5 20. Ne5 Bxe5 21. dxe5 c5 22. Rfd1 Kf7 23. Bh6 Rd8 24. Bg5 Rd7 25. h3 gxh3+ 26. Kxh3 Nc6 27. f4 Rg8 28. g4 $2 (28. Bf6 $11) 28... fxg4+ (28... Ke6 $1 $19 {[%cal Oc6e5] White must now prevent ...Nxe5!} 29. gxf5+ Kxf5) 29. Kxg4 (29. Kg3 $1 $15) 29... h6 $17 {[%emt 0:00:14][%cal Bh7h6,Bh6g5,Bg5g4,Bg4g3][%mdl 96] Pin} 30. Kf5 Nxe5 (30... hxg5 $2 31. e6+ Ke8 32. exd7+ Kxd7 33. Rxd5+ (33. fxg5 Kd6 $16) 33... Kc7 34. Kg4 (34. fxg5 Ne7+ 35. Ke6 Nxd5 $11) 34... gxf4+ 35. Kxf4 $18) 31. Rh1 Nc4 $36 {[%emt 0:01:16][%mdl 2048] Black has some pressure.} 32. Rxc4 hxg5 $15 {[%emt 0:00:10][%mdl 4096] Endgame KRR-KRR} 33. Ra4 (33. Rcc1 $17) 33... g4 34. e4 $2 (34. Ra3) 34... dxe4 (34... g3 $142 35. Ra3 g2) 35. Rh7+ $19 Ke8 $1 36. Rxe4+ Kd8 37. Rh2 g3 38. Rg2 Rd5+ 39. Ke6 Rd3 40. Re5 Rf3 $2 (40... Re8+ $19 41. Kf5 Rxe5+ 42. Kxe5 a4) 41. Rg5 $11 Rxg5 42. fxg5 {[%emt 0:00:01] KR-KR} Ke8 {[%emt 0:00:01] And now ...a4 would win.} 43. Ke5 (43. a4 $1 $11 {should be considered.}) 43... c4 (43... a4 $17 {Strongly threatening ...c4.} 44. Ke4 Rf2 45. Rxg3 Rxb2) 44. Ke4 Rd3 45. a4 Kf7 46. Kf5 Kg7 47. Kg4 Rb3 48. Re2 $2 (48. Rxg3 $11 Rb4 49. Kf5) 48... Rb4 $1 $19 {[%emt 0:00:14] Threatens to win with ...c3+.} 49. Kxg3 (49. Kf5 $142) 49... Rxa4 50. Re7+ {[%emt 0:00:30] [#]} Kf8 $1 ({Weaker is} 50... Kg6 51. Re6+ Kxg5 52. Rxb6 $17) 51. Rc7 {[%emt 0:00:12] [#]} (51. Re1) 51... Rb4 $1 52. Kf3 b5 (52... Rxb2 53. Rxc4 b5 54. Rc8+ Kg7 55. Kg4 $17) 53. g6 Rxb2 {[%emt 0:00:02] aiming for ...a4.} 54. Ke4 a4 {[%emt 0:00:03][%cal Ba5a4,Ba4a3][%mdl 32] Hoping for ...a3.} 55. Kd4 a3 56. Ra7 a2 57. Kc3 Rg2 (57... Rf2 $19 58. Kb4 Rb2+ 59. Kc3 Rg2 60. Rf7+ Kg8) 58. Kb4 Rb2+ ({Inferior is} 58... Rxg6 59. Kxb5 Rg7 60. Rxa2 $11) 59. Kc3 {[%emt 0:00:01] The board is on fire.} Rb3+ 60. Kd4 Rd3+ 61. Kc5 Rd2 62. Kb4 Kg8 (62... Rf2 $142 63. Ra6 Rb2+ 64. Kc3 Rb3+ 65. Kc2 Rg3) 63. Kc3 Rg2 (63... Rd3+ $142 64. Kb2 Rd2+ 65. Kc3 Rf2 66. Kb4 Rb2+ 67. Kc3 Rb3+ 68. Kc2 Rg3 69. Kb2 Rg2+ 70. Kc3 Rh2 71. Kb4 Rb2+ 72. Kc3 Rh2 73. Kb4 Rb2+) 64. Kb4 Rf2 ({Not} 64... Rxg6 65. Kxb5 Rg4 66. Rxa2 $11) 65. Kc3 Rf3+ 66. Kb4 Rb3+ 67. Kc5 Rb2 68. Kd4 Rc2 (68... b4 $142 69. Kxc4 b3 70. Kd4 Rc2 71. Ra8+ Kg7 72. Ke4 Rc1 73. Ra7+ Kxg6 74. Kd4 a1=Q+ 75. Rxa1 Rxa1 76. Kc3 Rb1 77. Kc4 Kf5 78. Kc3 Ke4 79. Kc4 Rc1+ 80. Kxb3 Kd4 81. Kb2 Rc3 82. Ka2 Ke3 83. Ka1 Kd2 84. Kb2 Rh3 85. Ka1 Kc2 86. Ka2 Kc1 87. Ka1 Ra3#) 69. Kc5 c3 $2 ({Better is} 69... Rf2 $19 {...c3 would be deadly.} 70. Kb4 Rg2) 70. Kb4 $11 {[%emt 0:00:03] The position is equal.} Rc1 71. Rxa2 c2 {[%emt 0:00:02] ( -> ...Rb1+)} 72. Kb3 Rg1 73. Rxc2 Rxg6 74. Kb4 Rg5 75. Rc5 Rxc5 76. Kxc5 Kf7 77. Kxb5 {[%emt 0:00:00] Black had all chances to win.   Weighted Error Value: White=0.74/Black=0.31} 1/2-1/2

[Event "ChessKid Cup Div-II 2023"]
[Site "Online"]
[Date "2023.05.23"]
[Round "2.3"]
[White "Eljanov, Pavel"]
[Black "Oparin, Grigoriy"]
[Result "0-1"]
[ECO "B14"]
[WhiteElo "2705"]
[BlackElo "2667"]
[Annotator "TA"]
[PlyCount "82"]
[EventDate "2023.05.21"]
[EventType "k.o."]
[EventCountry "NET"]
[SourceTitle "playchess.com"]
[Source "ChessBase"]
[SourceQuality "1"]
[TimeControl "900+3"]

1. d4 Nf6 2. c4 e6 3. Nc3 Bb4 4. e3 O-O 5. Bd3 c5 6. Nf3 d5 7. cxd5 cxd4 8. exd4 exd5 9. O-O Bg4 10. h3 {[%emt 0:01:13] B14: Caro-Kann: Panov-Botvinnik Attack with 5...e6 and 5...g6.} Bh5 11. Bg5 Bxc3 12. bxc3 {[%emt 0:00:02] The position is equal.} Qd6 $5 {[%emt 0:00:00][%mdl 4] [#] Exploring less charted territory.} 13. Bxf6 $146 ({Predecessor:} 13. Rb1 b6 14. g4 Bg6 15. Nh4 Bxd3 16. Qxd3 Ne4 17. Nf5 Qd7 18. Bf4 Nc6 19. f3 Nf6 20. Be5 Qe6 21. Rbe1 Nxe5 22. Rxe5 Qd7 23. Qe3 Rae8 24. Qg5 g6 25. Qxf6 Qxf5 26. gxf5 {1-0 Cuenca Cadenas,J-Enoksson,B (1169) W-ch WS/A/246 email 2021}) 13... Qxf6 14. g4 Bg6 15. Ne5 Qd6 16. Rb1 b6 17. Bxg6 hxg6 18. Qa4 Rc8 19. Rfe1 Nc6 20. Re3 Nxe5 21. dxe5 Qe6 22. Rb4 Rc5 23. Rd4 g5 24. Kg2 g6 25. Qc2 Rac8 26. Qd2 Kg7 27. f4 (27. Rdd3 $11) 27... gxf4 $17 28. Rxf4 {[%emt 0:00:01] [#]} d4 $1 29. Rxd4 {[%emt 0:01:33] And now Rd6 would win.} Rxe5 30. Rdd3 Rcc5 {[%emt 0:00:03] Black is more active.} 31. Qf2 Ra5 32. Rxe5 Rxe5 {[%emt 0:00:01][%mdl 4096] Endgame KQR-KQR} ({Worse is} 32... Qxe5 33. Rd7 Qe6 34. Qd4+ Qf6 35. Qxf6+ Kxf6 36. Rd2 $17) 33. Rd2 {[%emt 0:00:24] Dodges Re2} (33. Qd4 $17 {was necessary.}) 33... Re3 $19 34. Qf4 Qc6+ ({Inferior is} 34... Rxc3 35. Qd4+ Qf6 36. a4 $17) 35. Kf2 Rxh3 {[%emt 0:00:36] White must now prevent ...Qh1.} 36. c4 $2 (36. Qd4+ Kg8 37. Qd8+ Kh7 38. Qd5) 36... Qf6 (36... Qh1 $142 37. a3 Qh2+ 38. Qxh2 Rxh2+ 39. Ke3 Rxd2 40. Kxd2 Kf6) 37. Qxf6+ Kxf6 38. c5 $2 (38. Rd7 $19 Ra3 39. Ke2) 38... bxc5 (38... Rh2+ $142 39. Ke3 Rxd2 40. Kxd2 bxc5 41. Ke3 Kg5 42. Kf3 c4 43. Kf2 Kxg4 44. Ke3 f5 45. Kd4 f4 46. Kxc4 f3 47. Kd3 Kf4 48. Kd2 g5 49. Ke1 g4 50. Kd2 g3 51. Ke1 g2 52. Kf2 a5 53. a4 Ke4 54. Ke1 g1=Q+ 55. Kd2 Qb1 56. Kc3 f2 57. Kd2 Qb2+ 58. Kd1 f1=Q#) 39. Rd5 {[%emt 0:00:03] Black is clearly winning.} Rc3 40. Rd6+ (40. Ke2 $142) 40... Kg5 41. Rd7 f6 {[%emt 0:00:01] Weighted Error Value: White=0.68/Black=0.45} 0-1

[Event "ChessKid Cup Div-II 2023"]
[Site "Online"]
[Date "2023.05.23"]
[Round "2.3"]
[White "Anton Guijarro, David"]
[Black "Fedoseev, Vladimir"]
[Result "1/2-1/2"]
[ECO "C42"]
[WhiteElo "2690"]
[BlackElo "2680"]
[Annotator "TA"]
[PlyCount "92"]
[EventDate "2023.05.21"]
[EventType "k.o."]
[EventCountry "NET"]
[SourceTitle "playchess.com"]
[Source "ChessBase"]
[SourceQuality "1"]
[TimeControl "900+3"]

1. e4 e5 2. Nf3 Nf6 3. Nxe5 d6 4. Nf3 Nxe4 5. d4 d5 6. Bd3 Be7 7. O-O Bf5 8. Re1 O-O 9. Nbd2 $1 {[%emt 0:00:09][%cal Rd2e4,Bb1d2,Bd2f1,Bf1e3][%mdl 4] now scores much better than the old 9.c4. C42: Petroff Defence: 3 Nxe5 and unusual White 3rd moves.} (9. c4 {with more complications.} Nc6 10. cxd5 Qxd5 11. Nc3) 9... Nd6 10. Nf1 Bxd3 11. Qxd3 c6 12. Bf4 Na6 13. h4 Re8 14. h5 (14. Ng5 $5 Bxg5 15. hxg5 $11) 14... Nc7 15. Ne3 Ne6 16. Bxd6 Bxd6 {[%emt 0:00:02] [#]} 17. g3 $146 ({Predecessor:} 17. Ng4 h6 18. Qf5 a5 19. g3 a4 20. c3 Nc7 21. Kg2 Nb5 22. Rxe8+ Qxe8 {½-½ Deakin,C (2101)-Milde,L (2325) W-ch WS/M/784 email 2020}) 17... Ng5 18. Qf5 (18. Nxg5 {simplifies} Qxg5 19. Qf5 Qxf5 20. Nxf5 Bc7 21. Kg2) 18... Ne4 19. c4 Bb4 {[%emt 0:00:30] [#] ...Nd6 is the strong threat.} 20. Re2 Nd6 21. Qd3 dxc4 22. Nxc4 Rxe2 23. Qxe2 Qe8 24. Qd3 Qe4 25. Qxe4 Nxe4 26. a3 Bf8 27. Na5 Rb8 28. Ne5 Nf6 29. g4 Bd6 30. f3 (30. Nac4 Bc7 $15) 30... Bc7 31. b4 h6 32. Kf2 Nd5 33. Rc1 Nf4 {[%emt 0:00:23] [#] aiming for ...Bxe5.} 34. Ke3 Ne6 35. Rc4 c5 36. d5 {[%emt 0:00:19][%cal Bd4d5,Bd5e6][%mdl 32] Hoping for Nd7.} Bxe5 37. dxe6 $11 {[%emt 0:00:03][%mdl 4096] Endgame KRB-KRN} Bc7 38. Nb3 ({But not} 38. Rxc5 Bb6 39. Ke4 Bxc5 40. bxc5 Kf8 41. exf7 (41. c6 $2 bxc6 42. Nxc6 Rb6 $19) 41... Kxf7 $17) 38... b5 $1 39. Re4 {[%emt 0:00:27] e7 would be deadly.} ({Much worse is} 39. Rxc5 Bb6 40. exf7+ Kxf7 $17) 39... cxb4 40. axb4 {[%emt 0:00:12] Black must now prevent e7.} Bb6+ 41. Ke2 fxe6 42. Rxe6 Rc8 43. Kd3 Rd8+ {[%emt 0:00:30] The position is equal.} 44. Ke2 Rc8 45. Kd3 Rd8+ 46. Ke2 Rc8 {[%emt 0:00:06] An even fight not without its subleties.   Weighted Error Value: White=0.04 (flawless) /Black=0.02 (flawless)} 1/2-1/2